 Dungeon Crawl Stone Soup version 0.19.0 (console) character file.

119 CALLOUS the Ducker (level 4, 0/23 HPs)
             Began as a Spriggan Abyssal Knight on Nov 2, 2016.
             Was a Believer of Lugonu.
             Killed from afar by an orc wizard (9 damage)
             ... with a magic dart
             ... on level 3 of the Dungeon.
             The game lasted 00:38:01 (3823 turns).

CALLOUS the Ducker (Spriggan Abyssal Knight)        Turns: 3823, Time: 00:38:01

Health: 0/23       AC:  2    Str:  8    XL:     4   Next: 74%
Magic:  7/7        EV: 20    Int: 13    God:    Lugonu [**....]
Gold:   167        SH:  0    Dex: 16    Spells: 0 memorised, 6 levels left

rFire  . . .     SeeInvis +     a - +1 short sword
rCold  . . .     Gourm    .     b - +0 robe
rNeg   . . .     Faith    .     (shield restricted)
rPois  .         Spirit   .     (helmet restricted)
rElec  .         Reflect  .     (no cloak)
rCorr  .         Harm     .     (gloves unavailable)
MR     .....                    (boots unavailable)
Stlth  ++........               (no amulet)
                                (no ring)
                                (no ring)

@: slowed, quick
A: unfitting armour, see invisible, herbivore 3, speed 3, slow metabolism 2
a: Depart the Abyss, Bend Space, Renounce Religion


You were on level 3 of the Dungeon.
You worshipped Lugonu.
Lugonu was pleased with you.
You were hungry.

You visited 1 branch of the dungeon, and saw 4 of its levels.
You visited the Abyss 1 time.

You collected 167 gold pieces.

Inventory:

Hand Weapons
 a - a +1 short sword (weapon)
 l - a +2 whip of freezing
Missiles
 e - 145 arrows
 f - 66 stones (quivered)
 s - 15 sling bullets
 v - 17 bolts
Armour
 b - a +0 robe (worn)
Jewellery
 q - an uncursed ring of fire {unknown}
 t - an uncursed amulet of regeneration {unknown}
 u - a +2 ring of protection {unknown}
Scrolls
 g - 3 scrolls of remove curse {unknown}
 h - 2 scrolls of recharging {unknown}
 j - 2 scrolls of fear {unknown}
 k - 6 scrolls of blinking {unknown}
 o - a scroll of magic mapping {unknown}
 p - 2 scrolls of enchant weapon {unknown}
 r - a scroll of random uselessness {unknown}
Potions
 d - a potion of curing {unknown}
 i - 2 potions of flight {unknown}
 n - a potion of lignification {unknown}
Comestibles
 c - 3 bread rations
 m - 4 fruits


   Skills:
 - Level 2.4 Fighting
 + Level 3.3 Short Blades
 * Level 5.2 Dodging
 * Level 3.4 Stealth
 * Level 1.7 Spellcasting
 - Level 1.7 Invocations


You had 6 spell levels left.
You didn't know any spells.

Dungeon Overview and Level Annotations

Branches:
Dungeon (4/15)
 Temple: D:4-7

Altars:

Shops:
D:4 [

Annotations:
D:1 1 exclusion
D:3 exclusions: orc and orc wizard
D:4 exclusion: sky beast


Innate Abilities, Weirdness & Mutations

You are very small and have problems with some larger weapons.
You are too small for most types of armour.
You have supernaturally acute eyesight. (SInv)
You are a herbivore.
You cover ground extremely quickly.
You need consume almost no food.


Message History

A ring mail.
There is something else lying underneath.
The floor.
Unknown command.
Okay, then.
Unknown command.
Okay, then.
You miss the orc wizard.
The orc wizard is lightly wounded.
The orc wizard hits you but does no damage.
The orc wizard completely misses you.
You hit the orc wizard.
The orc wizard is moderately wounded.
The orc wizard hits you but does no damage.
The orc wizard completely misses you.
You hit the orc wizard.
The orc wizard is heavily wounded.
The orc wizard gestures at you while chanting.
The magic dart hits you!
You die...

#########.#.# #...#
####..############
#.....÷..........#
#.##..##########.# #.##..#
#.# #.###'####### #.####
#.#.........# #....#
######.#.........# #....##
#....#.#...o.....####.....#
###'##.#.#..@.)....'......†..
#....#.#.#%........###.......
#...)#.#.#.........# #.......
#....#.#.###.......# #.......
#....#.#.###.......# #.###...
#....#.#.##........# #.......
#....#.#.##.#.###### #####...
#....'......#.# #...
#....###.####.# #...
#........#<...# ####
###############


You could see an orc wizard.

Vanquished Creatures
  An orc priest (D:3)
  An ooze (D:2)
  5 worms
  4 dart slugs (D:1)
  4 leopard geckos
  5 bats
  3 giant cockroaches
  6 goblins
  9 hobgoblins
  3 jackals (D:3)
  4 kobolds
  4 frilled lizards
  5 rats
54 creatures vanquished.

Notes
Turn   | Place    | Note
-------+----------+-------------------------------------------
     0 | Abyss:1  | CALLOUS the Spriggan Abyssal Knight began the quest for the Orb.
     0 | Abyss:1  | Reached XP level 1. HP: 11/11 MP: 3/3
   146 | Abyss:1  | Found a stormy altar of Qazlal.
   162 | Abyss:1  | Noticed a flying skull
   163 | Abyss:1  | Noticed a small abomination
   168 | Abyss:1  | Noticed an orange demon
   170 | Abyss:1  | Noticed an ettin simulacrum
   208 | Abyss:1  | Noticed a large abomination
   208 | Abyss:1  | Noticed a spatial vortex
   208 | Abyss:1  | Noticed a spatial vortex
   209 | Abyss:1  | Noticed a spatial maelstrom
   236 | Abyss:1  | Noticed a large abomination
   240 | Abyss:1  | Noticed a chaos spawn
   285 | Abyss:1  | Noticed a smoke demon
   285 | Abyss:1  | Noticed a large abomination
   288 | Abyss:1  | Noticed an ancient lich
   310 | Abyss:1  | Noticed a ynoxinul
   325 | Abyss:1  | Noticed a smoke demon
   354 | D:1      | Escaped the Abyss
   671 | D:1      | Reached skill level 1 in Spellcasting
   671 | D:1      | Reached XP level 2. HP: 16/16 MP: 4/4
   730 | D:1      | Reached skill level 1 in Stealth
   748 | D:1      | Reached * piety under Lugonu
   748 | D:1      | Reached skill level 4 in Dodging
  1560 | D:1      | Reached XP level 3. HP: 19/19 MP: 6/6
  2990 | D:3      | Reached skill level 5 in Dodging
  3042 | D:3      | Reached XP level 4. HP: 23/23 MP: 7/7
  3348 | D:3      | Reached ** piety under Lugonu
  3543 | D:4      | Found Habixomo's Antique Armour Shoppe.
  3663 | D:4      | Noticed a sky beast
  3823 | D:3      | Killed from afar by an orc wizard

Skill      XL: |  1  2  3  4 |
---------------+-------------+-----
Spellcasting   | 1 |  1.7
Stealth        | 1 2 3 |  3.4
Dodging        | 4 5 |  5.2
Short Blades   | 3 |  3.3
Fighting       | |  2.4
Invocations    | |  1.7

Action                   |  1- 3 |  4- 6 || total
-------------------------+-------+-------++-------
Melee: Short sword       |   170 |    63 ||   233
       Whip              |     4 |    12 ||    16
Throw: Stone             |    11 |    17 ||    28
Invok: Depart the Abyss  |     1 |       ||     1
 Stab: Sleeping          |     8 |     2 ||    10
Armor: Robe              |     5 |     4 ||     9
Dodge: Dodged            |    92 |    41 ||   133
